 Dungeon Crawl Stone Soup version 0.29-a0-393-g47a863cc1b (webtiles) character file.

Game seed: 8522468533833430218

3625 Kistari the Fighter (level 10, -4/72 HPs)
             Began as an Octopode Artificer on May 10, 2022.
             Was an Initiate of Gozag.
             Slain by a vampire
             ... wielding a +0 flail
              (14 damage)
             ... on level 7 of the Dungeon.
             The game lasted 00:20:01 (13381 turns).

Kistari the Fighter (Octopode Artificer)           Turns: 13381, Time: 00:20:01

Health: -4/72      AC:  1    Str: 12    XL:     10   Next: 11%
Magic:  0/15       EV: 14    Int: 21    God:    Gozag
Gold:   320        SH:  0    Dex: 13    Spells: 15/15 levels left

rFire   . . .      SeeInvis +   e - +3 falchion
rCold   + . .      Faith    .   (no shield)
rNeg    . . .      Spirit   +   (helmet restricted)
rPois   .          Reflect  .   l - amulet of guardian spirit
rElec   .          Harm     .   o - ring of protection from cold
rCorr   .          Rampage  .   i - ring "Bonairch" {Int+4 Slay+2 SInv}
Will    .....                   (no ring)
Stlth   ++++......              (no ring)
HPRegen 0.22/turn               (no ring)
MPRegen 0.14/turn               (no ring)
                                (no ring)
                                (no ring)

@: gold aura
A: almost no armour, amphibious, 8 rings, camouflage 1, gelatinous body 1,
(nimble swimmer 1), tentacles
a: Renounce Religion, Potion Petition, Call Merchant, Bribe Branch


You were on level 7 of the Dungeon.
You worshipped Gozag.
Gozag was aware of your devotion.
You visited 2 branches of the dungeon, and saw 8 of its levels.

You collected 854 gold pieces.
You spent 426 gold pieces at shops.
You paid 108 gold pieces to Gozag.

Inventory:

Hand Weapons
 e - a +3 falchion (weapon)
   (You found it on level 6 of the Dungeon)
 f - a +0 dagger of venom
   (You found it on level 2 of the Dungeon)
Missiles
 p - 4 curare-tipped darts (quivered) {!f}
 r - 10 poisoned darts
 z - 5 boomerangs
 A - 3 throwing nets {!f}
Magical Staves
 w - a staff of cold
   (You took it off a kobold on level 3 of the Dungeon)
Jewellery
 i - the ring "Bonairch" (right tentacle) {Int+4 Slay+2 SInv}
   (You bought it in a shop on level 1 of the Dungeon)

   [ring of see invisible]

   Int:       It affects your intelligence (+4).
   Slay:      It affects your accuracy & damage with ranged weapons and melee
   (+2).
   SInv:      It lets you see invisible.
 l - an amulet of guardian spirit (around mantle)
   (You found it on level 7 of the Dungeon)
 o - a ring of protection from cold (left tentacle)
   (You found it on level 3 of the Dungeon)
Wands
 c - a wand of charming (8)
 d - a wand of iceblast (19)
 t - a wand of flame (3)
 u - a wand of paralysis (2)
   (You took it off Ijyb on level 4 of the Dungeon)
 v - a wand of digging (10)
   (You took it off a goblin on level 4 of the Dungeon)
Scrolls
 g - a scroll of noise {!r}
 h - 2 scrolls of poison {!r}
 k - 2 scrolls of vulnerability {!r}
 n - 3 scrolls of teleportation {@r4}
 q - 2 scrolls of summoning
 y - a scroll of torment {!r}
 B - a scroll of enchant armour
 C - a scroll of blinking {unknown}
 E - 2 scrolls of fear
Potions
 a - 4 potions of curing {@q1}
 b - 3 potions of lignification {!q}
 j - a potion of invisibility
 m - 2 potions of brilliance
 s - 2 potions of mutation {!q}
 x - a potion of might
 D - a potion of cancellation


   Skills:
 + Level 8.1 Fighting
 - Level 8.0 Short Blades
 - Level 5.0 Dodging
 - Level 5.0 Stealth
 + Level 3.3 Spellcasting
 + Level 6.3 Evocations


You had 15 spell levels left.
You didn't know any spells.
Your spell library contained the following spells:

 Spells                   Type           Power      Damage    Failure   Level
 Ozocubu's Armour         Ice            3%         N/A       36%         3
 Stone Arrow              Conj/Erth      6%         3d7       36%         3
 Ozocubu's Refrigeration  Ice            1%         4d5       100%        7
 Lehudib's Crystal Spear  Conj/Erth      1%         10d2      100%        8
 Animate Armour           Summ/Erth      Unusable   N/A       N/A         4

Dungeon Overview and Level Annotations

Branches:
Dungeon (7/15)             Temple (1/1) D:4

Altars:
Ashenzari
Dithmenos
Elyvilon
Fedhas
Gozag
Hepliaklqana
Makhleb
Nemelex Xobeh
Okawaru
Ru
Wu Jian
Xom
Yredelemnul
Zin
The Shining One

Shops:
D:1 =((:   D:3 !   D:4 :   D:6 *

Annotations:
D:3 1 runed translucent door, Crazy Yiuf, Grinder


Innate Abilities, Weirdness & Mutations

You cannot wear most types of armour.
You are amphibious.
You can wear up to eight rings at the same time.
Your skin changes colour to match your surroundings (Stealth+).
Your rubbery body absorbs attacks. (AC +1, EV +1)
((You are camouflaged when in or above water. (Stealth+)))
You have tentacles for arms and can constrict up to eight enemies at once.


Message History

You closely miss the orc warrior. Your grab misses the orc warrior.
You squeeze the orc warrior! You constrict the orc.
The orc priest calls upon Beogh to heal the orc warrior.
The orc warrior is healed somewhat.
The orc closely misses you.
You hit the orc. You constrict the orc.
You kill the orc!
The orc warrior misses you. The orc closely misses you.
You completely miss the orc warrior. Your grab misses the orc warrior.
You squeeze the orc warrior, but do no damage.
The orc warrior hits you with a +0 hand axe!
The orc barely misses you. The vampire closely misses you.
The vampire bites you.
The vampire draws strength from your injuries!
You are too injured to fight recklessly!
You are too injured to fight recklessly!
You are too injured to fight recklessly!
You are too injured to fight recklessly!
You are too injured to fight recklessly!
You are too injured to fight recklessly!
You are too injured to fight recklessly!
You are too injured to fight recklessly!
You are too injured to fight recklessly!
You are too injured to fight recklessly!
You are too injured to fight recklessly!
You are too injured to fight recklessly!
You are too injured to fight recklessly!
You are too injured to fight recklessly!
You are too injured to fight recklessly!
You are too injured to fight recklessly!
You are too injured to fight recklessly!
You are too injured to fight recklessly!
You are too injured to fight recklessly!
Unknown command.
The orc attacks as you move away! The orc hits you with a +0 flail!
Aim: an orc warrior, wielding a +0 hand axe and wearing a +0 plate armour (moderately wounded, chance to affect: 64%)
The orc warrior struggles to resist.
The orc warrior hits you with a +0 hand axe!!
* * * LOW HITPOINT WARNING * * *
Aim: an orc warrior, wielding a +0 hand axe and wearing a +0 plate armour (moderately wounded, chance to affect: 64%)
The orc warrior struggles to resist.
The orc warrior hits you with a +0 hand axe.
* * * LOW HITPOINT WARNING * * *
The orc completely misses you. The vampire hits you with a +0 flail!!
* * * LOW HITPOINT WARNING * * *
The vampire barely misses you.
The orc priest is distracted by your dazzling golden aura.
The orc priest shouts!
The vampire attacks as you move away! The vampire hits you with a +0 flail!
You die...
Your body crumbles into a pile of gold.

.###.....>..##.......#
## ##...............## #
#......####.......## #
##.......####.......#
##.........###.....###
#...........#.......##
##...........#........#
#...........#.........#
#...........#..#@o....#
##.........#..##oV....#
##........##..#$o.....#
.............#.........#
.PPPP..####............#
......................##
####...###.##........##
##.###..#.........## ###
#.##..........#


You could see a vampire, an orc warrior, an orc priest and an orc.

Vanquished Creatures
  Pikel (D:5)
  A hornet (D:4)
  A shadow (D:7)
  A wyvern (D:7)
  Eustachio (D:4)
  Menkaure (D:7)
  2 water moccasins (D:7)
  A sky beast (D:6)
  5 ice beasts
  3 black bears
  An ogre (D:6)
  A phantom (D:6)
  2 necrophages
  Blork the orc (D:5)
  A bullfrog (D:4)
  2 scorpions
  A howler monkey (D:5)
  3 jellies
  3 hounds
  An orc priest (D:7)
  Jessica (D:3)
  A gnoll shaman (D:6)
  An iguana (D:7)
  Ijyb (D:4)
  3 orc wizards
  12 gnolls
  15 adders
  A shadow imp (D:4)
  An ufetubus (D:4)
  A worm (D:3)
  3 dart slugs
  24 orcs
  4 bats
  10 endoplasms
  4 giant cockroaches
  8 hobgoblins
  8 jackals
  8 kobolds
  5 quokkas
  10 ball pythons
  6 frilled lizards
  12 goblins
  4 rats
  A bush (D:5)
177 creatures vanquished.

Vanquished Creatures (collateral kills)
  An iguana (D:6)
  A shadow imp (D:6)
2 creatures vanquished.

Vanquished Creatures (others)
  A gnoll shaman (D:4)
  An adder (D:6)
  A gnoll (D:4)
  2 fungi (D:7)
  6 plants (D:7)
  3 toadstools (D:7)
14 creatures vanquished.

Grand Total: 193 creatures vanquished

Notes
Turn   | Place    | Note
-------+----------+-------------------------------------------
     0 | D:1      | Kistari the Octopode Artificer began the quest for the Orb.
     0 | D:1      | Reached XP level 1. HP: 13/13 MP: 1/1
   225 | D:1      | Found Pontey's Weapon Boutique.
   273 | D:1      | Reached XP level 2. HP: 19/19 MP: 2/2
   654 | D:1      | Found Butit's Book Emporium.
   678 | D:1      | Found Hexe's Antique Weapon Emporium.
   990 | D:1      | Found Viashr If Pis's Jewellery Shop.
  1064 | D:1      | Reached XP level 3. HP: 20/25 MP: 3/3
  1234 | D:1      | Found a faded altar of an unknown god.
  1621 | D:2      | Reached skill level 1 in Short Blades
  2369 | D:2      | Reached XP level 4. HP: 31/31 MP: 4/4
  2793 | D:3      | Found Moanoh's Distillery.
  3868 | D:3      | Noticed Grinder
  3935 | D:3      | Noticed Jessica
  3944 | D:3      | Killed Jessica
  3945 | D:3      | Reached XP level 5. HP: 29/36 MP: 5/5
  4571 | D:3      | Found the +1 Delatra's gloves {ID++}
  4714 | D:3      | Found a runed translucent door.
  4715 | D:3      | Noticed Crazy Yiuf
  4784 | D:3      | Found a hazy altar of Hepliaklqana.
  4786 | D:3      | Found a faded altar of an unknown god.
  5109 | D:4      | Noticed Ijyb
  5115 | D:4      | Killed Ijyb
  5116 | D:4      | Reached XP level 6. HP: 34/43 MP: 6/6
  5475 | D:4      | Found a staircase to the Ecumenical Temple.
  5962 | D:4      | Noticed Eustachio
  5967 | D:4      | Killed Eustachio
  6290 | D:4      | Found a sacrificial altar of Ru.
  6298 | D:4      | Reached XP level 7. HP: 32/49 MP: 7/7
  6751 | D:4      | Reached skill level 5 in Evocations
  6783 | D:4      | Noticed a hornet
  6787 | D:4      | Killed a hornet
  6788 | D:4      | Reached skill level 5 in Fighting
  7032 | D:4      | Reached skill level 5 in Short Blades
  7131 | D:4      | Found Tasal's Book Shop.
  7159 | Temple   | Entered the Ecumenical Temple
  7653 | D:5      | Entered Level 5 of the Dungeon
  7668 | D:5      | Reached XP level 8. HP: 26/57 MP: 8/8
  7957 | D:5      | Noticed Pikel
  7971 | D:5      | Killed Pikel
  8306 | D:5      | Found a white marble altar of Elyvilon.
  8680 | D:5      | Found a sparkling altar of Nemelex Xobeh.
  8724 | D:5      | Noticed Blork the orc
  8731 | D:5      | Killed Blork the orc
  9136 | D:5      | Found an opulent altar of Gozag.
  9142 | D:5      | Became a worshipper of Gozag Ym Sagoz the Greedy
  9471 | D:6      | Reached XP level 9. HP: 53/62 MP: 9/9
 10658 | D:6      | Found Acsogihe's Neck Hole.
 11573 | D:6      | Reached skill level 5 in Stealth
 11725 | D:1      | Bought the ring "Bonairch" {Int+4 Slay+2 SInv} for 426 gold
                  | pieces
 12180 | D:7      | Found a sacrificial altar of Ru.
 12193 | D:7      | Reached skill level 5 in Dodging
 12304 | D:7      | Reached skill level 1 in Spellcasting
 12800 | D:7      | Reached XP level 10. HP: 66/71 MP: 14/14
 12939 | D:7      | Noticed Menkaure
 12944 | D:7      | Killed Menkaure
 13167 | D:7      | Identified the +1 hand axe "Izot Sawapi" {antimagic, rElec}
 13191 | D:7      | Found a broken altar of Ashenzari.
 13381 | D:7      | Slain by a vampire

Illustrated notes

Levels and vault maps discovered:
D:1:      dpeg_arrival_arbitrary_a, layout_basic, serial_shops, shop,
          nicolae_shop_trees, nicolae_square_shop, nicolae_shop_hallway_plus,
          shapermc_ecumenical_altar_notcrosses
D:2:      layout_loops_ring, kennysheep_generic_room_3
D:3:      layout_loops_ring, beargit_hepliaklqana_dungeon_heroes, serial_shops,
          shop, pf_guarded_unrand_delatra, uniq_jessica,
          uniq_crazy_yiuf_cottage, uniq_grinder
D:4:      layout_loops_ring, minmay_temple_entry_statues_fountains,
          serial_shops, shop, nicolae_ossuary_entry_monument, eino_tiny_chamber,
          minmay_misc_feat_rugged, eino_small_chamber_without_monster,
          minmay_ruined_shrine, uniq_eustachio, uniq_ijyb
D:5:      layout_basic, kennysheep_mini, nicolae_elyvilon_peaceful_grove,
          mainiacjoe_overflow_24_doors, uniq_blork_the_orc, uniq_pikel
D:6:      layout_loops_corners, hex_large, grunt_ministairs_13,
          nicolae_shop_sticking_my_neck_out
D:7:      layout_cave_pods, old_standard_altar, mainiacjoe_overflow_boulevard,
          minmay_gold_behind_fungi, minmay_misc_feat_alley, uniq_menkaure
Temple:   compressed_dpeg_triangle_lava_temple

Skill      XL: |  1  2  3  4  5  6  7  8  9 10 |
---------------+-------------------------------+-----
Fighting       | 2 3 4 5 6 7 8 |  8.1
Short Blades   | 2 3 5 8 |  8.0
Evocations     | 4 5 6 |  6.3
Stealth        | 2 5 |  5.0
Dodging        | 5 |  5.0
Spellcasting   | 2 3 |  3.3

Action                   |  1- 3 |  4- 6 |  7- 9 | 10-12 || total
-------------------------+-------+-------+-------+-------++-------
Melee: Club              |     7 |       |       |       ||     7
       Dagger            |    79 |   154 |   202 |       ||   435
       Constrict         |    22 |    34 |    50 |     2 ||   108
       Tentacles         |    20 |    26 |    95 |     6 ||   147
       Punch             |     1 |     4 |     4 |     1 ||    10
       Unarmed           |       |       |     7 |       ||     7
       Falchion          |       |       |   111 |    16 ||   127
Throw: Boomerang         |       |    11 |     3 |       ||    14
       Dart              |       |       |    11 |     1 ||    12
Evoke: Wand              |       |     6 |    18 |     7 ||    31
  Use: Potion            |       |     1 |     5 |       ||     6
       Scroll            |       |       |    12 |     1 ||    13
 Stab: Sleeping          |    10 |     8 |    12 |       ||    30
       Distracted        |       |     1 |       |       ||     1
       Paralysed         |       |       |     3 |       ||     3
Armor: Skin              |     9 |     6 |    24 |       ||    39
Dodge: Dodged            |    49 |    90 |   111 |    14 ||   264

Table legend: (Time is in decaauts)
 A = Elapsed time spent in this place.
 B = Non-inter-level travel time spent in this place.
 C = Inter-level travel time spent in this place.
 D = Time resting spent in this place.
 E = Time spent auto-exploring this place.
 F = Levels seen in this place.
 G = Mean time per level.
                   A        B        C        D        E       F      G
               +--------+--------+--------+--------+--------+-----+--------+
         Total |  13314 |  12524 |    790 |   4941 |   5926 |   8 | 1664.2 |
       Dungeon |  13065 |  12287 |    778 |   4941 |   5696 |   7 | 1866.4 |
        Temple |    248 |    237 |     11 |      0 |    230 |   1 |  248.0 |
               +--------+--------+--------+--------+--------+-----+--------+

Top non-repeatable levels by time:
     D:3: 2866 daAuts
     D:6: 2727 daAuts
     D:4: 1811 daAuts
     D:2: 1670 daAuts
     D:1: 1588 daAuts
     D:7: 1229 daAuts
     D:5: 1170 daAuts
  Temple: 248 daAuts
